 Dungeon Crawl Stone Soup version 0.31-a0-986-g5e6e4ef867 (webtiles) character file.

Game seed: 4642761874372722132

13 miscthings the Charlatan (level 2, 0/23 HPs)
             Began as a Gnoll Artificer on Nov 6, 2023.
             Slain by a jackal (2 damage)
             ... on level 1 of the Dungeon.
             The game lasted 00:00:28 (183 turns).

miscthings the Charlatan (Gnoll Artificer)           Turns: 183, Time: 00:00:29

Health: 0/23       AC:  3    Str: 11    XL:     2   Next: 37%
Magic:  2/2        EV: 12    Int: 10    God:
Gold:   10         SH:  0    Dex: 12    Spells: 1/1 levels left

rFire   . . .        a - +0 club
rCold   . . .        (no shield)
rNeg    . . .        b - +0 leather armour
rPois   .            (no helmet)
rElec   .            (no cloak)
rCorr   .            (no gloves)
SInv    .            (no boots)
Will    .....        (no amulet)
Stlth   ++           (no ring)
HPRegen 0.23/turn    (no ring)
MPRegen 0.08/turn

%: no passive effects
@: no status effects
A: fangs 1, strong nose, distributed training
a: no special abilities


You were on level 1 of the Dungeon.
You visited 1 branch of the dungeon, and saw 1 of its levels.

You collected 10 gold pieces.

Inventory:

Hand Weapons
 a - a +0 club (weapon)
Armour
 b - a +0 leather armour (worn)
Wands
 c - a wand of flame (15) (quivered)
 d - a wand of charming (15)
 e - a wand of iceblast (5)


   Skills:
 + Level 2.5 Fighting
 + Level 0.4 Short Blades
 + Level 0.4 Long Blades
 + Level 0.4 Axes
 + Level 0.4 Maces & Flails
 + Level 0.4 Polearms
 + Level 0.4 Staves
 + Level 0.4 Ranged Weapons
 + Level 0.4 Throwing
 + Level 4.5 Armour
 + Level 2.5 Dodging
 + Level 2.2 Stealth
 + Level 0.4 Shields
 + Level 0.4 Unarmed Combat
 + Level 0.4 Spellcasting
 + Level 0.2 Conjurations
 + Level 0.2 Hexes
 + Level 0.2 Summonings
 + Level 0.2 Necromancy
 + Level 0.2 Translocations
 + Level 0.2 Transmutations
 + Level 0.2 Fire Magic
 + Level 0.2 Ice Magic
 + Level 0.2 Air Magic
 + Level 0.2 Earth Magic
 + Level 0.2 Poison Magic
 + Level 0.5 Invocations
 + Level 6.5 Evocations
 + Level 0.3 Shapeshifting


You had one spell level left.
You didn't know any spells.
Your spell library was empty.

Dungeon Overview and Level Annotations

Branches:
Dungeon (1/15)

Altars:


Innate Abilities, Weirdness & Mutations

You have very sharp teeth.
Your uncanny sense of smell can sniff out nearby items.
Your experience applies equally to all skills.


Message History

You hit the jackal.
The jackal is severely wounded.
The jackal bites you.
You hit the jackal.
You kill the jackal!
The quokka bites you but does no damage. x2
The jackal bites you but does no damage.
You hit the jackal. Your bite misses the jackal.
The jackal is moderately wounded.
The quokka bites you but does no damage.
The jackal bites you.
You hit the jackal but do no damage.
The jackal is moderately wounded.
The jackal barely misses you. The quokka bites you.
The jackal bites you but does no damage.
The quokka bites you but does no damage.
You closely miss the jackal.
The jackal is moderately wounded.
The jackal bites you but does no damage.
The quokka bites you. The jackal barely misses you.
You closely miss the jackal. You bite the jackal.
The jackal is heavily wounded.
The quokka bites you.
* * * LOW HITPOINT WARNING * * *
The jackal bites you but does no damage.
The quokka closely misses you. The jackal barely misses you.
You hit the jackal.
You kill the jackal!
The quokka bites you.
* * * LOW HITPOINT WARNING * * *
The jackal barely misses you.
You hit the jackal.
The jackal is heavily wounded.
The jackal closely misses you. The quokka closely misses you.
The jackal barely misses you. The quokka bites you.
* * * LOW HITPOINT WARNING * * *
You closely miss the jackal.
The jackal is heavily wounded.
The jackal bites you.
You die...

..
∆###...#.#..........
+.....#.##........#
####..#......####.#
#..###..#.......
#..#...###...... ..
#....######..#.# ...
###..####...####'#
....
#.r..##........#.#
..!.#
#@#..#.........#.#
#..##h#..#.........'.'
#...w#..#.........#.#
#.......##.......##.#
###.....####....###'#
#.....# #'#####...
#.#...# ##.###.....
#+#.>.# #...#......
......#...+....<.


You could see a dart slug, a quokka and a jackal.

Vanquished Creatures
  A bat (D:1)
  4 endoplasms (D:1)
  A hobgoblin (D:1)
  2 jackals (D:1)
  A ball python (D:1)
  A frilled lizard (D:1)
  A rat (D:1)
11 creatures vanquished.

Notes
Turn   | Place    | Note
-------+----------+-------------------------------------------
     0 | D:1      | miscthings the Gnoll Artificer began the quest for the Orb.
     0 | D:1      | Reached XP level 1. HP: 17/17 MP: 1/1
   120 | D:1      | Reached XP level 2. HP: 10/23 MP: 2/2
   183 | D:1      | Slain by a jackal

Illustrated notes

Levels and vault maps discovered:
D:1:      dpeg_arrival_three_smaller_balls, layout_basic

Action                     || total
---------------------------++-------
  Melee: Club              ||    41
         Bite              ||     5
   Stab: Sleeping          ||     1
 Armour: Leather armour    ||    36
  Dodge: Dodged            ||    31

Table legend: (Time is in decaauts)
 A = Elapsed time spent in this place.
 B = Non-inter-level travel time spent in this place.
 C = Inter-level travel time spent in this place.
 D = Time resting spent in this place.
 E = Time spent auto-exploring this place.
 F = Levels seen in this place.
 G = Mean time per level.
                   A        B        C        D        E       F      G
               +--------+--------+--------+--------+--------+-----+--------+
         Total |    194 |    194 |      0 |      0 |     88 |   1 |  194.0 |
       Dungeon |    194 |    194 |      0 |      0 |     88 |   1 |  194.0 |
               +--------+--------+--------+--------+--------+-----+--------+

Top non-repeatable levels by time:
     D:1: 194 daAuts
